 Dungeon Crawl Stone Soup version 0.23.2-40-g277498a (webtiles) character file.

Game seed: 15941357228434643342

4298 BoppinsLewinski the Cleaver (level 10, -6/63 HPs)
             Began as a Gargoyle Monk on Sept 3, 2019.
             Was an Elder of Makhleb.
             Killed by divine providence
             ... invoked by an orc priest
              (12 damage)
             ... on level 7 of the Dungeon.
             The game lasted 00:31:25 (8672 turns).

BoppinsLewinski the Cleaver (Gargoyle Monk)         Turns: 8672, Time: 00:31:26

Health: -6/63      AC: 22    Str: 18    XL:     10   Next: 32%
Magic:  14/14      EV:  7    Int: 11    God:    Makhleb [****..]
Gold:   452        SH:  0    Dex: 12    Spells: 9/9 levels left

rFire    . . .     SeeInvis .   z - +0 whip (flame)
rCold    . . .     Gourm    .   (no shield)
rNeg     + + .     Faith    .   p - +0 plate armour
rPois    ∞         Spirit   .   (no helmet)
rElec    +         Reflect  .   (no cloak)
rCorr    .         Harm     .   i - +0 pair of gloves
MR       .....                  e - +0 pair of boots
Stlth    ..........             (no amulet)
HPRegen  0.20/turn              y - ring of positive energy
MPRegen  0.14/turn              (no ring)

@: very slightly contaminated
A: negative energy resistance 1, electricity resistance, unbreathing,
petrification resistance, rot immunity, AC +7
a: Minor Destruction, Lesser Servant of Makhleb, Major Destruction, Renounce
Religion


You were on level 7 of the Dungeon.
You worshipped Makhleb.
Makhleb was greatly pleased with you.
You were near starving.

You visited 1 branch of the dungeon, and saw 7 of its levels.
You also visited: Ossuary.

You collected 452 gold pieces.

Inventory:

Hand Weapons
 k - a +0 halberd
 r - a +0 war axe
 z - a +0 whip of flaming (weapon)
 B - a +3 hand axe of electrocution
Armour
 e - a +0 pair of boots (worn)
 i - a +0 pair of gloves (worn)
 p - a +0 plate armour (worn)
Jewellery
 y - a ring of positive energy (left hand)
Wands
 a - a wand of disintegration (4)
 s - a wand of random effects (22)
 t - a wand of iceblast (12)
 w - a wand of paralysis (9)
 x - a wand of polymorph (8)
Scrolls
 d - 2 scrolls of enchant armour
 f - 2 scrolls of magic mapping
 g - 4 scrolls of teleportation
 h - a scroll of identify
 j - 2 scrolls of enchant weapon
 l - 2 scrolls of blinking
 o - 4 scrolls of remove curse
 u - 2 scrolls of immolation
Potions
 b - a potion of brilliance
 m - a potion of haste
 n - a potion of ambrosia
 q - a potion of curing
 v - 2 potions of flight
Comestibles
 c - 5 rations


   Skills:
 + Level 7.4 Fighting
 * Level 8.5 Axes
 + Level 6.4 Armour
 + Level 5.5 Dodging
 - Level 2.1 Stealth
 + Level 5.8 Invocations
 + Level 1.1 Evocations


You had 9 spell levels left.
You didn't know any spells.
Your spell library contained the following spells:

 Spells                   Type           Power        Failure   Level  Hunger
 Flame Tongue             Conj/Fire      #....        100%        1    ##.....
 Magic Dart               Conj           #...         100%        1    ##.....
 Searing Ray              Conj           #.....       100%        2    ###....
 Throw Flame              Conj/Fire      #.....       100%        2    ###....
 Conjure Flame            Conj/Fire      #.......     100%        3    ####...
 Dazzling Spray           Conj/Hex       #.....       100%        3    ####...
 Inner Flame              Hex/Fire       #.......     100%        3    ####...
 Force Lance              Conj/Tloc      #.......     100%        4    #####..
 Fulminant Prism          Conj/Hex       #.........   100%        4    #####..
 Iskenderun's Mystic Bla  Conj           #.......     100%        4    #####..
 Sticky Flame             Conj/Fire      #.......     100%        4    #####..
 Fireball                 Conj/Fire      #.........   100%        5    ######.


Dungeon Overview and Level Annotations

Branches:
Dungeon (7/15)             Temple (0/1) D:5

Altars:
Cheibriados
Makhleb
Okawaru
Ru
Zin

Shops:
D:3 *

Annotations:
D:6 exclusion: downstairs


Innate Abilities, Weirdness & Mutations

You are resistant to torment.
Your stone body is resilient. (AC +7)
You are immune to poison.
You resist negative energy. (rN+)
You are resistant to electric shocks. (rElec)
You can survive without breathing.
You are immune to petrification.
You are immune to rotting.


Message History

The four-headed hydra bites you.
* * * LOW HITPOINT WARNING * * *
The four-headed hydra bites you but does no damage.
A sky beast comes into view.
Your ynoxinul gestures at the four-headed hydra.
The iron shot hits the four-headed hydra!!
The four-headed hydra dies!
Makhleb accepts your kill.
Your Evocations skill increases to level 1!
Okay, then.
Unknown command.
Unknown command.
Unknown command.
Blink to where?
Press: ? - help, Dir - move target cursor You are very lightly contaminated with residual magic.
As you read the scroll of blinking, it crumbles to dust.
The orc priest calls down the wrath of Beogh upon you.
Beogh smites you!
You die...

........÷.........
..#.#...#.#.####.#
#<#.#.###...#..#.#
#.#.#.#####.#....#####..
+.#.#....##.##.#))......
###.####.##....#.#######
# #.#.##.##.####(# ..
###.#....##.# #(#.##.#
.##Y#.#####.####@/...$#
.##......§.....†.#.####
.......#^##3##.......#
.............o.......#
.........##.##<......#
#........##.##.......#
#......#.##.##.......#
#......#....##.......#
#......#.##.##.......#


You could see an orc priest and a friendly ynoxinul.

Vanquished Creatures
  An unseen horror (D:6)
  Pikel (D:5)
  Joseph (D:7)
  Sigmund (D:4)
  An ice beast (D:3)
  An orc warrior (D:6)
  A sky beast (D:4)
  A black bear (D:7)
  A slave (D:4)
  A phantom (D:7)
  A centaur (D:6)
  2 bullfrogs (D:6)
  2 elf zombies (Ossuary)
  A scorpion (D:5)
  3 killer bees (D:7)
  A howler monkey (D:6)
  2 crimson imps
  2 centaur zombies (Ossuary)
  A human zombie (Ossuary)
  A hound (D:5)
  2 jellies (D:6)
  A centaur skeleton (D:4)
  2 orc priests
  An orc wizard (D:6)
  3 bullfrog skeletons
  Terence (D:2)
  5 worker ants
  2 big kobold zombies (Ossuary)
  3 hound zombies
  A hound skeleton (D:7)
  3 mummies (Ossuary)
  12 gnolls
  A howler monkey skeleton (D:6)
  9 adders
  3 adder zombies (Ossuary)
  A worm (D:5)
  7 leopard geckos
  19 orcs
  3 ball pythons
  7 giant cockroaches
  7 goblins
  9 hobgoblins
  4 jackals
  4 quokkas
  A ball python skeleton (D:4)
  10 bats
  6 frilled lizards
  A goblin zombie (Ossuary)
  5 jackal zombies (Ossuary)
  8 kobolds
  4 kobold zombies (Ossuary)
  2 orc zombies (Ossuary)
  A quokka skeleton (D:4)
  9 quokka zombies (Ossuary)
  5 rats
  A rat zombie (Ossuary)
189 creatures vanquished.

Vanquished Creatures (collateral kills)
  A hydra (D:7)
  Duvessa (D:5)
  An ogre (D:4)
  Dowan (D:5)
  A killer bee (D:7)
  A bullfrog zombie (D:6)
  4 gnolls (D:6)
10 creatures vanquished.

Vanquished Creatures (others)
  2 fungi (D:4)
2 creatures vanquished.

Grand Total: 201 creatures vanquished

Notes
Turn   | Place    | Note
-------+----------+-------------------------------------------
     0 | D:1      | BoppinsLewinski the Gargoyle Monk began the quest for the
                  | Orb.
     0 | D:1      | Reached XP level 1. HP: 14/14 MP: 1/1
   161 | D:1      | Reached XP level 2. HP: 8/19 MP: 2/2
   574 | D:1      | Reached skill level 3 in Axes
   855 | D:1      | Reached skill level 1 in Armour
   863 | D:1      | Reached XP level 3. HP: 16/23 MP: 3/3
  1147 | D:2      | Noticed Terence
  1155 | D:2      | Killed Terence
  1281 | D:2      | Reached XP level 4. HP: 22/29 MP: 4/4
  1842 | D:2      | Reached XP level 5. HP: 33/33 MP: 5/5
  1921 | D:2      | Found a faded altar of an unknown god.
  2115 | D:2      | Found a burning altar of Makhleb.
  2116 | D:2      | Noticed an Executioner
  2284 | D:2      | Noticed a hellwing
  2284 | D:2      | Noticed a neqoxec
  2286 | D:2      | Became a worshipper of Makhleb the Destroyer
  2286 | D:2      | Reached * piety under Makhleb
  2286 | D:2      | Reached ** piety under Makhleb
  2371 | D:3      | Found Zin's Purification Station.
  2371 | D:3      | Found a glowing silver altar of Zin.
  2406 | D:3      | Reached skill level 4 in Axes
  2781 | D:3      | Found an iron altar of Okawaru.
  2961 | D:3      | Noticed an ice beast
  2972 | D:3      | Reached XP level 6. HP: 38/38 MP: 6/6
  3189 | D:3      | Killed an ice beast
  3189 | D:3      | Reached skill level 1 in Invocations
  3872 | D:4      | Found a sand-covered staircase.
  3881 | Ossuary  | Entered an ossuary
  3894 | Ossuary  | Reached *** piety under Makhleb
  3964 | Ossuary  | Reached XP level 7. HP: 41/44 MP: 8/8
  4072 | Ossuary  | Reached skill level 5 in Axes
  4736 | Ossuary  | Reached skill level 5 in Fighting
  4759 | Ossuary  | Reached **** piety under Makhleb
  4938 | D:4      | Noticed Sigmund
  4943 | D:4      | Found a snail-covered altar of Cheibriados.
  4978 | D:4      | Killed Sigmund
  4978 | D:4      | Reached XP level 8. HP: 40/49 MP: 10/10
  5147 | D:4      | Reached skill level 6 in Axes
  5686 | D:5      | Entered Level 5 of the Dungeon
  5841 | D:5      | Found a staircase to the Ecumenical Temple.
  5964 | D:5      | Noticed Duvessa
  5965 | D:5      | Noticed Dowan
  5974 | D:5      | Killed Duvessa
  5978 | D:5      | Killed Dowan
  6001 | D:5      | Noticed Pikel
  6008 | D:5      | Killed Pikel
  6008 | D:5      | Reached XP level 9. HP: 55/55 MP: 10/12
  6378 | D:6      | Reached skill level 7 in Axes
  6396 | D:6      | Reached skill level 5 in Armour
  6485 | D:6      | Identified the +1 scythe of Broken Luck {flame, rF+ Dex+4}
                  | (You found it on level 6 of the Dungeon)
  7351 | D:6      | Killed an unseen horror
  7351 | D:6      | Reached skill level 5 in Dodging
  7351 | D:6      | Reached skill level 5 in Invocations
  8135 | D:7      | Noticed Joseph
  8146 | D:7      | Reached skill level 8 in Axes
  8169 | D:7      | Killed Joseph
  8169 | D:7      | Reached XP level 10. HP: 63/63 MP: 12/14
  8241 | D:7      | Noticed a four-headed hydra
  8594 | D:7      | Found a sacrificial altar of Ru.
  8671 | D:7      | Killed a four-headed hydra
  8671 | D:7      | Reached skill level 1 in Evocations
  8672 | D:7      | Killed from afar by an orc priest

Skill      XL: |  1  2  3  4  5  6  7  8  9 10 |
---------------+-------------------------------+-----
Axes           | 3 4 5 6 8 |  8.5
Armour         | 1 2 3 4 6 |  6.4
Fighting       | 4 5 6 7 |  7.4
Dodging        | 3 4 5 |  5.5
Invocations    | 1 3 4 5 |  5.8
Evocations     | 1 |  1.1
Stealth        | |  2.1

Action                   |  1- 3 |  4- 6 |  7- 9 | 10-12 || total
-------------------------+-------+-------+-------+-------++-------
Melee: Hand axe          |    79 |   384 |   471 |     6 ||   940
       War axe           |       |       |   120 |    24 ||   144
       Whip              |       |       |       |     6 ||     6
Throw: Throwing net      |       |       |       |     2 ||     2
Invok: Minor Destruction |       |     4 |     9 |       ||    13
       Lesser Servant of |       |       |     4 |     3 ||     7
Evoke: Wand              |       |       |     6 |     4 ||    10
  Use: Potion            |     2 |     8 |     7 |     1 ||    18
       Scroll            |       |       |    11 |     6 ||    17
 Stab: Sleeping          |     5 |       |       |       ||     5
       Paralysed         |       |       |     5 |       ||     5
  Eat: Chunk             |     1 |     5 |     5 |       ||    11
       Ration            |       |     1 |     3 |       ||     4
Armor: Robe              |    14 |       |       |       ||    14
       Chain mail        |    17 |   259 |   218 |       ||   494
       Skin              |       |    33 |    12 |       ||    45
       Plate armour      |       |       |   179 |    46 ||   225
Dodge: Dodged            |    49 |   157 |   180 |    11 ||   397
